[Event "ICC tourney 1955 (60 10)"]
[Site "Internet Chess Club"]
[Date "2020.08.09"]
[Round "8"]
[White "MateOnF7"]
[Black "justice02"]
[Result "1-0"]
[ICCResult "Black resigns"]
[WhiteElo "1926"]
[BlackElo "1819"]
[Opening "French: Winawer, advance variation"]
[ECO "C18"]
[NIC "FR.11"]
[Time "15:20:05"]
[TimeControl "3600+10"]

1. e4 e6 2. d4 d5 3. Nc3 Bb4 4. e5 c5 5. a3 Bxc3+ 6. bxc3 Nc6 7. Qg4 Nge7 8.
Nf3 Qc7 9. Bd3 Bd7 10. O-O c4 11. Be2 Ng6 12. Nh4 Nce7 13. Nxg6 Nxg6 14. Qg3
O-O-O 15. a4 a5 16. f4 Rdf8 17. Ba3 Re8 18. Bd6 Qd8 19. Rfb1 Nh4 20. Bc5 Nf5
21. Qe1 g5 22. Bb6 Qe7 23. Qc1 gxf4 24. Qxf4 Reg8 25. Bxa5 Rg6 26. Bb4 Qd8
27. a5 Qg8 28. Bf3 Bb5 29. Bc5 Ba6 30. Rb6 Qd8 31. Bg4 Rhg8 32. Bh3 Nh4 33.
Rd6 Rxg2+ 34. Bxg2 Rxg2+ 35. Kh1 Qg8 36. Qxh4 Rxc2 37. Rg1 Qe8 38. Bb6
{Black resigns}
1-0

[Event "ICC tourney 1955 (60 10)"]
[Site "Internet Chess Club"]
[Date "2020.08.09"]
[Round "8"]
[White "carlsthe1"]
[Black "IndianTerritory"]
[Result "0-1"]
[ICCResult "White checkmated"]
[WhiteElo "2036"]
[BlackElo "2009"]
[Opening "Caro-Kann: anti-anti-Caro-Kann defense"]
[ECO "B10"]
[NIC "CK.01"]
[Time "15:20:37"]
[TimeControl "3600+10"]

1. e4 c6 2. c4 d5 3. exd5 cxd5 4. cxd5 Nf6 5. Nc3 Nxd5 6. Nf3 Nc6 7. Bb5 e6
8. O-O Be7 9. d4 O-O 10. Re1 Nxc3 11. bxc3 Bd7 12. Bd3 Rc8 13. Bb2 a6 14.
Qe2 b5 15. Qe4 g6 16. a4 Na5 17. Ne5 Nb3 18. Ra2 bxa4 19. Bxa6 Ra8 20. Qe2
Be8 21. Bc4 Na5 22. Bd3 Nb3 23. Ng4 a3 24. Bxa3 Bxa3 25. Qe5 f6 26. Qxe6+
Bf7 27. Nh6+ Kg7 28. Nxf7 Rxf7 29. Qxb3 Bf8 30. Rxa8 Qxa8 31. h3 Rc7 32. Rc1
Qa3 33. Qxa3 Bxa3 34. Rc2 Rb7 35. Kf1 Kf8 36. c4 Rd7 37. Ra2 Bb4 38. d5 f5
39. f4 Re7 40. Ra4 Bd6 41. Ra6 Bb4 42. Rc6 Re3 43. Be2 Rc3 44. Kf2 Ke7 45.
Rc7+ Kd6 46. Rxh7 Bc5+ 47. Ke1 Be3 48. Rg7 Rc1+ 49. Bd1 Bxf4 50. Rxg6+ Kc5
51. h4 Be5 52. h5 Rxc4 53. h6 Rh4 54. Bf3 Bf4 55. Rc6+ Kb4 56. d6 Bxh6 57.
d7 Bg5 58. Rg6 Be7 59. Rg7 Bf6 60. Rf7 Bc3+ 61. Kf2 Rd4 62. Ke3 Rd6 63. Bc6
Bd2+ 64. Kf3 Kc5 65. Ba4 Ba5 66. Rxf5+ Kb4 67. Bc6 Bd8 68. Rf8 Kc5 69. Rxd8
Kxc6 70. Kf4 Kc7 71. Rf8 Kxd7 72. Kg5 Ke7 73. Rf5 Rd8 74. Kh6 Rd4 75. g3 Rb4
76. Rg5 Rb1 77. Kg7 Ke6 78. g4 Rg1 79. Rg6+ Ke5 80. Kh6 Rg3 81. Rg8 Ke6 82.
g5 Kf7 83. Ra8 Rh3# {White checkmated} 0-1

[Event "ICC tourney 1955 (60 10)"]
[Site "Internet Chess Club"]
[Date "2020.08.09"]
[Round "8"]
[White "vedrau"]
[Black "GutsyEdge"]
[Result "1-0"]
[ICCResult "Black forfeits on time"]
[WhiteElo "1983"]
[BlackElo "2059"]
[Opening "Caro-Kann: anti-anti-Caro-Kann defense"]
[ECO "A11"]
[NIC "EO.64"]
[Time "15:20:58"]
[TimeControl "3600+10"]

1. c4 c6 2. e4 d5 3. exd5 cxd5 4. cxd5 Nf6 5. Bb5+ Nbd7 6. Nc3 g6 7. d4 Bg7
8. d6 exd6 9. Qe2+ Qe7 10. Bf4 Qxe2+ 11. Bxe2 Ke7 12. Bf3 h6 13. O-O-O Nb6
14. h3 g5 15. Bg3 Bf5 16. Bxb7 Rab8 17. Bc6 Rhc8 18. Re1+ Be6 19. Bf3 Nbd5
20. Ne2 Kd7 21. h4 g4 22. Bxd5 Bxd5 23. Nf4 Bxa2 24. Nd3 Nd5 25. Kd2 Nxc3
26. bxc3 h5 27. Bf4 Rb7 28. Ra1 Bc4 29. Ra4 Bd5 30. Ra6 Bf8 31. Rha1 Rcc7
32. g3 f5 33. Nb4 Bc4 34. R6a5 Be6 35. Nc2 Bg7 36. Ne3 Rb2+ 37. Kd3 Rb3 38.
Nd1 Bc4+ 39. Kd2 {Black forfeits on time} 1-0

[Event "ICC tourney 1955 (60 10)"]
[Site "Internet Chess Club"]
[Date "2020.08.09"]
[Round "8"]
[White "chessw23"]
[Black "annameiyappan"]
[Result "1/2-1/2"]
[ICCResult "Game drawn by repetition"]
[WhiteElo "1858"]
[BlackElo "2030"]
[Opening "Scandinavian (center counter) defense"]
[ECO "B01"]
[NIC "VO.17"]
[Time "15:20:53"]
[TimeControl "3600+10"]

1. e4 d5 2. exd5 Qxd5 3. Nf3 Nf6 4. d4 Bg4 5. Be2 e6 6. h3 Bf5 7. c4 Bb4+ 8.
Bd2 Qa5 9. Nc3 Ne4 10. Nxe4 Bxe4 11. O-O Nc6 12. Bxb4 Nxb4 13. a3 Nc6 14. c5
Bxf3 15. gxf3 b5 16. b4 Qa6 17. a4 Qb7 18. Bxb5 O-O 19. Bxc6 Qxc6 20. Qe2
Rfd8 21. Rfd1 Qd5 22. Qe4 Qb3 23. b5 Rd5 24. Qe3 Qb4 25. Qd2 Qxd2 26. Rxd2
e5 27. Rad1 Rad8 28. a5 exd4 29. b6 cxb6 30. axb6 axb6 31. cxb6 g6 32. Rb1
Kg7 33. Kf1 d3 34. f4 Kf6 35. Rb3 Kf5 36. b7 Rb8 37. Rdxd3 Rxd3 38. Rxd3
Rxb7 39. Rd4 Re7 40. f3 Rb7 41. Kf2 h5 42. Kg3 Rb3 43. h4 Rb2 44. Ra4 Rb7
45. Ra5+ Kf6 46. Ra6+ Kf5 47. Ra5+ Kf6 48. Ra6+ Kf5 49. Ra5+
{Game drawn by repetition}
1/2-1/2

[Event "ICC tourney 1955 (60 10)"]
[Site "Internet Chess Club"]
[Date "2020.08.09"]
[Round "8"]
[White "davidbtn"]
[Black "pbalaji2008"]
[Result "1/2-1/2"]
[ICCResult "White stalemated"]
[WhiteElo "1806"]
[BlackElo "1702"]
[Opening "Réti: King's Indian attack (Barcza system)"]
[ECO "A07"]
[NIC "QP.09"]
[Time "15:20:58"]
[TimeControl "3600+10"]

1. Nf3 d5 2. g3 Nf6 3. Bg2 e6 4. O-O c5 5. d4 Be7 6. c4 cxd4 7. Nxd4 O-O 8.
cxd5 Nxd5 9. Nc3 Bf6 10. Nxd5 exd5 11. Be3 Bxd4 12. Bxd4 Nc6 13. Rc1 Be6 14.
Rc3 Rc8 15. a3 Nxd4 16. Qxd4 Rxc3 17. Qxc3 Qe7 18. e3 Rc8 19. Qd4 Qc5 20.
Qa4 a6 21. b4 Qc6 22. Qxc6 bxc6 23. Rc1 Bd7 24. Rc5 Kf8 25. Bf1 Ra8 26. Ra5
Bc8 27. a4 Bb7 28. Bd3 h6 29. Kf1 Ke7 30. Ke2 Kd6 31. Kd2 Kc7 32. Kc3 Kd7
33. Kd4 Kd6 34. Rc5 Re8 35. Ra5 Ra8 36. e4 dxe4 37. Bxe4 Re8 38. Bd3 Ra8 39.
h4 g6 40. g4 Bc8 41. g5 hxg5 42. hxg5 Rb8 43. Kc4 Ra8 44. Rc5 Bb7 45. Kd4
Rh8 46. f4 Rh4 47. Ke3 Rh3+ 48. Kd2 Rh4 49. Rc4 Rh8 50. Rd4+ Ke7 51. Kc3 Ra8
52. a5 Bc8 53. Kc4 Rb8 54. Kc5 Bb7 55. Kb6 Bc8+ 56. Kxc6 f5 57. Kc7 Ra8 58.
Bc4 Be6 59. Bxe6 Kxe6 60. Rd6+ Kf7 61. Rb6 Ra7+ 62. Rb7 Ra8 63. Kb6+ Kg8 64.
Ra7 Rb8+ 65. Kxa6 Rxb4 66. Rb7 Rxf4 67. Ka7 Ra4 68. a6 f4 69. Rb1 Ra5 70.
Kb7 Rxg5 71. a7 Ra5 72. a8=Q+ Rxa8 73. Kxa8 Kg7 74. Kb7 Kf6 75. Kc6 Kf5 76.
Kd5 f3 77. Kd4 Kf4 78. Kd3 g5 79. Rf1 g4 80. Kd2 g3 81. Ke1 g2 82. Kf2
gxf1=Q+ 83. Kxf1 Ke3 84. Ke1 f2+ 85. Kf1 Kf3 {White stalemated} 1/2-1/2

[Event "ICC tourney 1955 (60 10)"]
[Site "Internet Chess Club"]
[Date "2020.08.09"]
[Round "8"]
[White "StarWaricc"]
[Black "piplup0621"]
[Result "1-0"]
[ICCResult "Black checkmated"]
[WhiteElo "1720"]
[BlackElo "1891"]
[Opening "Grünfeld: 5.e3"]
[ECO "D94"]
[NIC "GI.09"]
[Time "15:20:37"]
[TimeControl "3600+10"]

1. d4 Nf6 2. c4 g6 3. Nc3 d5 4. e3 Bg7 5. Nf3 O-O 6. Be2 c5 7. O-O cxd4 8.
exd4 Nc6 9. Bg5 dxc4 10. Bxc4 Bg4 11. d5 Bxf3 12. Qxf3 Ne5 13. Qe2 Nxc4 14.
Qxc4 Nd7 15. d6 Ne5 16. dxe7 Nxc4 17. exd8=Q Rfxd8 18. Bxd8 Rxd8 19. Rfd1
Rc8 20. Ne4 f5 21. Nd6 Nxd6 22. Rxd6 Bxb2 23. Rb1 Rc2 24. a4 b6 25. g3 Ba3
26. Rd8+ Kg7 27. Rd7+ Kh6 28. Rxa7 Bc5 29. Rf1 b5 30. Ra5 bxa4 31. Rxa4 g5
32. h4 Kg6 33. hxg5 Kxg5 34. Rh4 h5 35. Ra4 Kg6 36. Rf4 Bd6 37. Rf3 Kg5 38.
Ra1 Bc5 39. Ra4 Bb6 40. Raf4 Rc5 41. Kg2 Bc7 42. Ra4 Rc1 43. Rb4 Rc5 44.
Rbb3 Rd5 45. Rfd3 Rxd3 46. Rxd3 f4 47. gxf4+ Kxf4 48. Rd4+ Kg5 49. Kf3 Kg6
50. Rd5 Kh6 51. Ke4 Bh2 52. Kf5 Bg1 53. Rd6+ Kh7 54. f3 h4 55. Kg4 Bf2 56.
f4 Kg7 57. f5 Bg3 58. Ra6 Bf2 59. Kg5 h3 60. f6+ Kf7 61. Rc6 Bg3 62. Ra6 Bf2
63. Rd6 h2 64. Rd7+ Kg8 65. Kg6 Bb6 66. Rh7 Bd4 67. Rxh2 Be5 68. f7+ Kf8 69.
Ra2 Ke7 70. Ra7+ Ke6 71. f8=Q Bg7 72. Qf5+ Kd6 73. Ra6+ Kc7 74. Qf7+ Kb8 75.
Re6 Bf6 76. Re8+ Bd8 77. Rxd8# {Black checkmated} 1-0

[Event "ICC tourney 1955 (60 10)"]
[Site "Internet Chess Club"]
[Date "2020.08.09"]
[Round "8"]
[White "Chessking2008"]
[Black "Aniketshukla"]
[Result "0-1"]
[ICCResult "White resigns"]
[WhiteElo "2127"]
[BlackElo "2030"]
[Opening "QGD: 4.Bg5 Be7"]
[ECO "D53"]
[NIC "QO.13"]
[Time "15:20:38"]
[TimeControl "3600+10"]

1. c4 e6 2. Nc3 d5 3. d4 Nf6 4. Bg5 Be7 5. e3 h6 6. Bh4 Nbd7 7. cxd5 Nxd5 8.
Bxe7 Nxe7 9. Nf3 O-O 10. Bd3 c5 11. O-O cxd4 12. exd4 a6 13. Qe2 Nf6 14.
Rad1 b5 15. Ne4 Ned5 16. Nc5 Qe7 17. Qd2 Nd7 18. b4 Rd8 19. a3 Qf6 20. Be4
Rb8 21. Bxd5 exd5 22. Nxd7 Bxd7 23. Ne5 Bf5 24. Rc1 Rbc8 25. Rfe1 Qd6 26.
Qf4 Bg6 27. h3 Rc4 28. Qe3 Qb6 29. Red1 Rdc8 30. Nxc4 dxc4 31. d5 Qd6 32.
Rc3 Rd8 33. Qg3 Bd3 34. Rdxd3 cxd3 35. Qxd3 Qxd5 36. Qxd5 Rxd5 37. Rc6 Rd3
38. Rxa6 Rb3 39. Rb6 Rxa3 40. Rxb5 Rb3 41. Rb8+ Kh7 42. b5 g5 43. b6 Kg7 44.
b7 Kh7 45. Kf1 Rb2 46. Ke1 Rb1+ 47. Kd2 Rb2+ 48. Kc3 Rb1 49. g3 Kg7 50. Kd4
Rb4+ 51. Ke5 Rb1 52. Kf5 Rb5+ 53. Kg4 Rb2 54. h4 f6 55. hxg5 hxg5 56. f4
gxf4 57. gxf4 Rb5 58. f5 Rb4+ 59. Kf3 Rb1 60. Ke4 Rb2 61. Kd5 Rb1 62. Ke6
Re1+ 63. Kd7 Rd1+ 64. Kc6 Rc1+ 65. Kd5 Rb1 66. Rd8 Rd1+ 67. Kc6 Rxd8 68. Kc7
Rf8 69. b8=Q Rxb8 70. Kxb8 Kh6 71. Kc7 Kg5 72. Kc6 Kxf5 73. Kd5 {White
resigns} 0-1

[Event "ICC tourney 1955 (60 10)"]
[Site "Internet Chess Club"]
[Date "2020.08.09"]
[Round "8"]
[White "gitb98"]
[Black "staxxknight"]
[Result "1/2-1/2"]
[ICCResult "Game drawn by mutual agreement"]
[WhiteElo "1924"]
[BlackElo "1798"]
[Opening "Queen's gambit accepted"]
[ECO "D20"]
[NIC "QG.03"]
[Time "15:20:49"]
[TimeControl "3600+10"]

1. d4 d5 2. c4 dxc4 3. Nc3 a6 4. a4 e5 5. dxe5 Qxd1+ 6. Kxd1 Nc6 7. Nd5 Kd7
8. Bf4 Nd4 9. e3 Ne6 10. Bg3 Bc5 11. Bxc4 Ne7 12. Kc2 Rd8 13. Rd1 Ke8 14.
Ne2 Bd7 15. Nec3 Nxd5 16. Bxd5 Rab8 17. Rhe1 Bb4 18. b3 c6 19. Be4 Nc5 20.
Rd4 Bxc3 21. Kxc3 Nxe4+ 22. Rxe4 Be6 23. Rd4 Rxd4 24. exd4 Rd8 25. f3 a5 26.
b4 axb4+ 27. Kxb4 Rxd4+ 28. Ka3 Rd2 29. Rb1 c5 30. Ra1 Rxg2 31. a5 Rd2 32.
Ka4 Bd7+ 33. Kb3 Bb5 34. Rc1 c4+ 35. Kb4 Ba6 36. Rc3 Rb2+ 37. Kc5 Rb3 38.
Kd4 Rb5 39. Rxc4 Rxa5 40. Rc7 Ra3 41. f4 h5 42. e6 fxe6 43. Rxg7 Ra5 44. Bh4
Rf5 45. Bg5 Rd5+ 46. Ke4 Rd7 47. Rxd7 Kxd7 48. Kd4 Kd6 49. h4 Bf1 50. Kc3 b5
51. Kb4 Kd5 52. Be7 Ke4 53. Bg5 Kf5 54. Kc5 {Game drawn by mutual agreement}
1/2-1/2

[Event "ICC tourney 1955 (60 10)"]
[Site "Internet Chess Club"]
[Date "2020.08.09"]
[Round "8"]
[White "Zues9393"]
[Black "saatvik"]
[Result "1-0"]
[ICCResult "Black checkmated"]
[WhiteElo "1980"]
[BlackElo "1784"]
[Opening "Pirc: Ufimtsev-Pytel variation"]
[ECO "B07"]
[NIC "PU.08"]
[Time "15:20:58"]
[TimeControl "3600+10"]

1. e4 d6 2. d4 Nf6 3. Nc3 c6 4. Bg5 Qb6 5. Qd2 Nbd7 6. f4 e5 7. fxe5 dxe5 8.
dxe5 Nxe5 9. Bxf6 gxf6 10. Bd3 Bh6 11. Qxh6 Qxb2 12. Kd2 Qxa1 13. Qxf6 Nxd3
14. Qxh8+ Kd7 15. Qd4+ Ke8 16. cxd3 Qb2+ 17. Ke1 Qxg2 18. Qf2 Qxh1 19. Ne2
Bh3 20. Nf4 Bg2 21. Nxg2 Qxh2 22. Nf3 Qc7 23. Nd2 Qb6 24. Ne3 Rd8 25. Qg3
Qb4 26. Ke2 Qa3 27. Qg8+ Qf8 28. Qxh7 Qd6 29. Qg8+ Qf8 30. Qxf8+ Kxf8 31.
Ndc4 b6 32. Nf5 f6 33. Ncd6 Rb8 34. d4 b5 35. Kd3 a5 36. e5 fxe5 37. dxe5
Ra8 38. e6 Ra7 39. Nc8 Ra8 40. e7+ Ke8 41. Nfd6+ Kd7 42. e8=Q+ Kc7 43. Qe7+
Kb8 44. Qb7# {Black checkmated} 1-0

[Event "ICC tourney 1955 (60 10)"]
[Site "Internet Chess Club"]
[Date "2020.08.09"]
[Round "8"]
[White "aghilan"]
[Black "MrNormalName"]
[Result "1-0"]
[ICCResult "Black resigns"]
[WhiteElo "1891"]
[BlackElo "2161"]
[Opening "KGA: Kieseritsky, Berlin defense"]
[ECO "C39"]
[NIC "KG.01"]
[Time "15:20:38"]
[TimeControl "3600+10"]

1. e4 e5 2. f4 exf4 3. Nf3 g5 4. h4 g4 5. Ne5 Nf6 6. Nxg4 Nxe4 7. d3 Ng3 8.
Bxf4 Qe7+ 9. Be2 Qb4+ 10. Qd2 Qxd2+ 11. Nxd2 Nxh1 12. Nf6+ Kd8 13. Nd5 Bd6
14. Bg5+ Ke8 15. Ne4 h6 16. Nxd6+ cxd6 17. Nc7+ Kf8 18. Bf4 b6 19. Bxd6+ Kg7
20. Nxa8 Bb7 21. Nc7 Bxg2 22. O-O-O Rg8 23. Rg1 Kh7 24. Bf1 Bb7 25. Rxg8
Kxg8 26. Kd2 Nc6 27. Ke3 Nd8 28. Nb5 a6 29. Nd4 Ne6 30. Nf3 Kg7 31. Bg2 Bxf3
32. Bxf3 Nd4 33. Kxd4 Ng3 34. Bxg3 {Black resigns} 1-0

[Event "ICC tourney 1955 (60 10)"]
[Site "Internet Chess Club"]
[Date "2020.08.09"]
[Round "8"]
[White "PhenomenalChess"]
[Black "mdbgaccp"]
[Result "0-1"]
[ICCResult "White resigns"]
[WhiteElo "1610"]
[BlackElo "1808"]
[Opening "Scotch gambit: Benima defense"]
[ECO "C50"]
[NIC "IG.03"]
[Time "15:19:42"]
[TimeControl "3600+10"]

1. e4 e5 2. Nf3 Nc6 3. Bc4 Be7 4. d4 exd4 5. Nxd4 d6 6. Nxc6 bxc6 7. Qf3 Nf6
8. h3 O-O 9. O-O d5 10. exd5 cxd5 11. Rd1 c6 12. Bb3 Be6 13. c4 Qb6 14. Be3
Bc5 15. Bxc5 Qxc5 16. cxd5 cxd5 17. Nd2 Rfc8 18. Nf1 a5 19. a4 Rab8 20. Rd3
Nd7 21. Qe2 Nb6 22. Rad1 Nc4 23. Ne3 Qb4 24. Nc2 Qb6 25. Nd4 Re8 26. Bxc4
dxc4 27. Rc3 Bd5 28. Qh5 Be4 29. Rxc4 Qg6 30. Qxg6 Bxg6 31. Nb5 Red8 32.
Rcd4 Rdc8 33. R1d2 h5 34. Na3 Rb3 35. Rd5 Rcb8 36. Rxa5 Rxb2 37. Rxb2 Rxb2
38. Ra8+ Kh7 39. a5 Be4 40. Ra7 Ra2 41. Nc4 Ra1+ 42. Kh2 Ra2 43. Kg3 h4+ 44.
Kxh4 Rxf2 45. g3 Kh6 46. Ra6+ f6 47. Ne3 g5+ 48. Kg4 Kg6 49. h4 Bb7 50. h5+
Kh6 51. Nf5+ Rxf5 52. Kxf5 Bxa6 53. g4 Bc8+ 54. Ke4 Bxg4 55. a6 Bc8 56. a7
Bb7+ {White resigns} 0-1

[Event "ICC tourney 1955 (60 10)"]
[Site "Internet Chess Club"]
[Date "2020.08.09"]
[Round "8"]
[White "playtowin2020"]
[Black "Rohith-p"]
[Result "0-1"]
[ICCResult "White resigns"]
[WhiteElo "1946"]
[BlackElo "2142"]
[Opening "Sicilian: Najdorf, Opocensky variation"]
[ECO "B92"]
[NIC "SI.11"]
[Time "15:20:38"]
[TimeControl "3600+10"]

1. e4 c5 2. Nf3 d6 3. d4 cxd4 4. Nxd4 Nf6 5. Nc3 a6 6. Be2 e5 7. Nb3 Be7 8.
Be3 Be6 9. O-O O-O 10. f3 Nbd7 11. Qe1 Qc7 12. Rd1 b5 13. a3 Nb6 14. Bd3 Nc4
15. Bc1 Rfc8 16. Nd5 Nxd5 17. exd5 Bxd5 18. Bxh7+ Kxh7 19. Rxd5 Nb6 20. Rd2
a5 21. c3 d5 22. Re2 Bd6 23. Nd2 Rh8 24. g3 Kg8 25. Kg2 Re8 26. Rh1 Nd7 27.
Nf1 Nc5 28. Ne3 Nd3 29. Qd2 e4 30. Nxd5 Qc4 31. fxe4 Rxe4 32. Ne3 Qc6 33.
Kg1 Nxc1 34. Qxc1 Bc5 35. Kf2 Qf6+ 36. Kg2 Qe6 37. Rhe1 Qh3+ 38. Kf3 Rxe3+
39. Rxe3 Bxe3 40. Qxe3 Qh5+ 41. g4 Qh3+ 42. Ke4 Qxg4+ 43. Kd5 Qc4+ 44. Kd6
Rh6+ 45. Kd7 Qc6+ 46. Ke7 Qd6+ 47. Ke8 Re6+ {White resigns} 0-1

[Event "ICC tourney 1955 (60 10)"]
[Site "Internet Chess Club"]
[Date "2020.08.09"]
[Round "8"]
[White "NK3"]
[Black "kralj8"]
[Result "1-0"]
[ICCResult "Black checkmated"]
[WhiteElo "2165"]
[BlackElo "1796"]
[Opening "Two knights defense (Modern bishop's opening)"]
[ECO "C55"]
[NIC "IG.01"]
[Time "15:20:33"]
[TimeControl "3600+10"]

1. e4 e5 2. Nf3 Nc6 3. Bc4 Nf6 4. d3 Be7 5. O-O O-O 6. Re1 d6 7. c3 Be6 8.
Bxe6 fxe6 9. Qb3 Qc8 10. d4 exd4 11. cxd4 d5 12. Nc3 Rd8 13. e5 Nd7 14. Ne2
Na5 15. Qd3 c5 16. Ng5 Bxg5 17. Bxg5 Re8 18. Rac1 Nc6 19. f4 cxd4 20. Nxd4
a6 21. Nxe6 Rxe6 22. Qxd5 Nb6 23. Qb3 h6 24. f5 hxg5 25. fxe6 Qc7 26. e7+
Kh7 27. Qh3+ Kg8 28. Qe6+ Kh7 29. e8=Q Rxe8 30. Qxe8 Nd5 31. Qh5+ Kg8 32.
Qxg5 Qb6+ 33. Kh1 Qf2 34. e6 Nde7 35. Qh5 Qxb2 36. Qf7+ Kh7 37. Rc5 Ng8 38.
Rh5+ Nh6 39. e7 Nxe7 40. Qxe7 Qf2 41. Rxh6+ Kxh6 42. Qe3+ Qxe3 43. Rxe3 b5
44. Re6+ Kh7 45. Rxa6 g6 46. Rb6 b4 47. Rxb4 Kh6 48. a4 g5 49. a5 Kh5 50. a6
g4 51. a7 Kh4 52. a8=Q Kh5 53. Qh8+ Kg5 54. Rb5+ Kf4 55. Qf6+ Ke3 56. Re5+
Kd4 57. Qd6+ Kc4 58. Rc5+ Kb4 59. Qb6+ Ka4 60. Ra5# {Black checkmated} 1-0

[Event "ICC tourney 1955 (60 10)"]
[Site "Internet Chess Club"]
[Date "2020.08.09"]
[Round "8"]
[White "ShadowApt"]
[Black "Kyle2007"]
[Result "1/2-1/2"]
[ICCResult "Game drawn by mutual agreement"]
[WhiteElo "2087"]
[BlackElo "1972"]
[Opening "Sicilian: closed"]
[ECO "B23"]
[NIC "SI.44"]
[Time "15:19:57"]
[TimeControl "3600+10"]

1. e4 c5 2. Nc3 g6 3. d4 cxd4 4. Qxd4 Nf6 5. Nf3 Nc6 6. Qa4 d6 7. e5 Ng4 8.
Bb5 Nxe5 9. Nxe5 dxe5 10. O-O Bg7 11. Be3 O-O 12. Bxc6 bxc6 13. Qxc6 Bf5 14.
Rad1 Qc8 15. Nd5 Qxc6 16. Nxe7+ Kh8 17. Nxc6 Rfc8 18. Nxa7 Rxc2 19. b4 Rxa2
20. b5 Rb2 21. b6 Bf6 22. g4 Bxg4 23. Rb1 Rxb1 24. Rxb1 Bf3 25. Nb5 Rb8 26.
Nd6 Kg7 27. Nc4 Bd5 28. Na5 Bd8 29. Rb5 Bf3 30. Bc5 f5 31. Nc4 Be2 32. b7
Bf3 33. Nd6 Bc7 34. Ba7 Bxd6 35. Bxb8 Bxb8 36. Ra5 Bd6 37. Rb5 Bb8 38. Ra5
Kh6 39. Ra8 Bxb7 40. Rxb8 Bf3 {Game drawn by mutual agreement} 1/2-1/2

[Event "ICC tourney 1955 (60 10)"]
[Site "Internet Chess Club"]
[Date "2020.08.09"]
[Round "8"]
[White "kaiclc"]
[Black "BirchRun"]
[Result "0-1"]
[ICCResult "White checkmated"]
[WhiteElo "2042"]
[BlackElo "1908"]
[Opening "Caro-Kann: two knights variation"]
[ECO "B11"]
[NIC "CK.01"]
[Time "15:20:38"]
[TimeControl "3600+10"]

1. e4 c6 2. Nc3 d5 3. Nf3 dxe4 4. Nxe4 Nf6 5. Nxf6+ exf6 6. d4 Bd6 7. h3 O-O
8. Be2 Re8 9. O-O Nd7 10. c4 Nf8 11. Be3 Be6 12. a4 a5 13. Kh1 Ng6 14. d5
Bd7 15. Qd2 c5 16. b3 Qc8 17. Ng1 b6 18. Rae1 Qc7 19. f4 Re7 20. f5 Ne5 21.
Nf3 Nxf3 22. Rxf3 Rae8 23. g4 Qc8 24. Kg2 Qc7 25. Kf2 Be5 26. Bf4 Qd6 27. h4
Bc8 28. g5 Bxf5 29. gxf6 Qxf6 30. Bg5 Bd4+ 31. Kg2 Qg6 32. h5 Rxe2+ 33. Rxe2
Rxe2+ 34. Qxe2 Qxg5+ 35. Rg3 Qd8 36. h6 Bg6 37. Kf1 gxh6 38. Rg4 Qf6+ 39.
Ke1 Qf5 40. d6 Bc3+ 41. Kd1 Qb1# {White checkmated} 0-1

[Event "ICC tourney 1955 (60 10)"]
[Site "Internet Chess Club"]
[Date "2020.08.09"]
[Round "8"]
[White "imranchamp"]
[Black "BreatheChessAls"]
[Result "1-0"]
[ICCResult "Black resigns"]
[WhiteElo "1682"]
[BlackElo "1893"]
[Opening "Sicilian: Grand Prix attack"]
[ECO "B23"]
[NIC "SI.44"]
[Time "15:21:06"]
[TimeControl "3600+10"]

1. e4 c5 2. Nc3 Nc6 3. f4 g6 4. Nf3 Bg7 5. Bc4 d6 6. O-O e6 7. f5 Nd4 8. d3
Nf6 9. Nxd4 cxd4 10. Ne2 O-O 11. fxe6 Bxe6 12. Bxe6 fxe6 13. Nxd4 Ng4 14.
Rxf8+ Qxf8 15. Nf3 Bd4+ 16. Nxd4 Qf2+ 17. Kh1 Rf8 18. Bg5 h6 19. h3 Qxd4 20.
Qxg4 hxg5 21. Qxg5 Kg7 22. Qe7+ Rf7 23. Qxe6 Qxb2 24. Rg1 Rf6 25. Qe7+ Kg8
26. e5 Qxe5 27. Qxb7 Rf7 28. Qe4 Qxe4 29. dxe4 Rc7 30. Rd1 Rxc2 31. Rxd6
Rxa2 32. Rxg6+ Kf7 33. Rc6 a5 34. g4 a4 35. h4 a3 36. Ra6 Ra1+ 37. Kg2 a2
38. h5 Kg7 39. g5 Kh7 40. Ra7+ Kg8 41. h6 Re1 42. Rxa2 Rxe4 43. Kf3 Rh4 44.
Kg3 Rh1 45. Kg4 Kh7 46. Ra7+ Kg8 47. Kf5 Rb1 48. Kg6 Rb6+ 49. Kh5 Rb5 50.
Rg7+ Kh8 51. Rf7 Kg8 52. Rf6 Kh7 53. Rf7+ Kg8 54. Rf4 Kh7 55. Kg4 Kg6 56.
Rf6+ Kh7 57. Rf5 Rb4+ 58. Kh5 Rb1 59. g6+ Kg8 60. h7+ Kg7 61. Rf7+ Kh8 62.
Rf8+ {Black resigns} 1-0

[Event "ICC tourney 1955 (60 10)"]
[Site "Internet Chess Club"]
[Date "2020.08.09"]
[Round "8"]
[White "watermelon"]
[Black "HiHiHidf"]
[Result "1/2-1/2"]
[ICCResult "Game drawn by mutual agreement"]
[WhiteElo "1719"]
[BlackElo "1919"]
[Opening "Old Indian defense"]
[ECO "A53"]
[NIC "OI.04"]
[Time "15:20:57"]
[TimeControl "3600+10"]

1. d4 Nf6 2. c4 d6 3. Nc3 Nbd7 4. e4 e5 5. d5 g6 6. Bd3 Bg7 7. Nge2 O-O 8.
O-O a5 9. Bg5 h6 10. Be3 Ng4 11. Bd2 Nc5 12. Bc2 f5 13. f3 Nf6 14. Qc1 f4
15. Qe1 g5 16. Nc1 h5 17. Nd3 Nxd3 18. Bxd3 Kf7 19. a3 g4 20. Kh1 Rh8 21.
Rc1 h4 22. fxg4 Bxg4 23. h3 Bd7 24. Ne2 Nh5 25. c5 Bf6 26. c6 bxc6 27. dxc6
Be6 28. Bc4 Qc8 29. Bxe6+ Qxe6 30. Kg1 Ng3 31. Nxg3 hxg3 32. Qe2 Rh7 33. b4
axb4 34. axb4 Ra2 35. Ra1 Rxa1 36. Rxa1 d5 37. b5 Be7 38. Kf1 Bc5 39. Rc1
Bb6 40. Qf3 d4 41. Ra1 Qc4+ 42. Qe2 d3 43. Qg4 Qxe4 44. Qd7+ Kf6 45. Qd8+
Ke6 46. Qe8+ Re7 47. Qg8+ Kf5 48. Qf8+ Kg6 49. Qg8+ Rg7 50. Qe8+ Kh6 51.
Qh8+ Qh7 52. Qd8 Bd4 53. Re1 Rf7 54. b6 cxb6 55. Rc1 Rc7
{Game drawn by mutual agreement}
1/2-1/2

[Event "ICC tourney 1955 (60 10)"]
[Site "Internet Chess Club"]
[Date "2020.08.09"]
[Round "8"]
[White "xx99754539"]
[Black "ryanwang"]
[Result "0-1"]
[ICCResult "White resigns"]
[WhiteElo "1932"]
[BlackElo "1862"]
[Opening "Sicilian: Pelikan (Lasker/Sveshnikov) variation"]
[ECO "B33"]
[NIC "SI.35"]
[Time "15:20:05"]
[TimeControl "3600+10"]

1. e4 c5 2. Nf3 Nc6 3. d4 cxd4 4. Nxd4 Nf6 5. Nc3 e5 6. Ndb5 d6 7. Nd5 Nxd5
8. exd5 Nb8 9. c4 Be7 10. Bd3 O-O 11. O-O a6 12. Nc3 f5 13. f3 Nd7 14. Be3
Bg5 15. Bf2 Qf6 16. Qc2 Nc5 17. b4 Nxd3 18. Qxd3 a5 19. c5 axb4 20. Nb5 dxc5
21. Bxc5 Rd8 22. Nc7 Ra3 23. Qc4 Be3+ 24. Bxe3 Rxe3 25. Qxb4 e4 26. f4 Re2
27. d6 Kh8 28. Rad1 Qg6 29. Rf2 Rxf2 30. Kxf2 Qg4 31. Qd2 Bd7 32. h3 e3+ 33.
Kxe3 Qg3+ 34. Kd4 Ba4 35. Rc1 Rxd6+ 36. Nd5 Bc6 37. Rc5 b6 38. Rxc6 Rxc6 39.
Qe2 Rc8 40. Qd2 Qg6 41. Qb2 Rd8 {White resigns} 0-1

[Event "ICC tourney 1955 (60 10)"]
[Site "Internet Chess Club"]
[Date "2020.08.09"]
[Round "8"]
[White "icyblizzard"]
[Black "RogerZ"]
[Result "1/2-1/2"]
[ICCResult "Game drawn because neither player has mating material"]
[WhiteElo "2115"]
[BlackElo "1948"]
[Opening "Ruy Lopez: 5.O-O"]
[ECO "C78"]
[NIC "RL.12"]
[Time "15:20:38"]
[TimeControl "3600+10"]

1. e4 e5 2. Nf3 Nc6 3. Bb5 a6 4. Ba4 Nf6 5. O-O b5 6. Bb3 Bc5 7. Re1 d6 8.
c3 O-O 9. h3 h6 10. d3 Bb6 11. Nbd2 Na5 12. Bc2 c5 13. Nf1 Qc7 14. Ng3 Be6
15. Be3 Rfd8 16. Qe2 d5 17. Rac1 dxe4 18. Nh4 exd3 19. Bxd3 Bc4 20. Bxc4
Nxc4 21. Nhf5 Kh7 22. b3 Nxe3 23. Qxe3 c4 24. Qxe5 Qxe5 25. Rxe5 Rd2 26. Ne3
Rxa2 27. bxc4 bxc4 28. Rc2 Rxc2 29. Nxc2 Rd8 30. Na3 Bc7 31. Re3 Rd1+ 32.
Nf1 Nd5 33. Rf3 Nf4 34. g4 Rd3 35. Re3 Nxh3+ 36. Kg2 Nf4+ 37. Kf3 Nd5 38.
Rxd3 cxd3 39. c4 Nc3 40. c5 Na4 41. c6 Kg6 42. Nc4 Kf6 43. Ke4 Ke6 44. f4
Nc5+ 45. Kd4 Nb3+ 46. Ke4 d2 47. f5+ Ke7 48. Nfe3 Na5 49. f6+ gxf6 50. Nd5+
Kd8 51. Nxd2 Nxc6 52. Nxc7 Kxc7 53. Kf5 Ne5 54. Ne4 Nd7 55. Nc3 Kc6 56. Ke4
Kc5 57. Nd1 Kb4 58. Ne3 a5 59. Kd3 Kb3 60. Kd2 a4 61. Kc1 Ne5 62. Kb1 a3 63.
Ka1 Nc4 64. Nf5 Ne5 65. Nxh6 Nc6 66. Nf5 Nb4 67. Nd4+ Kc4 68. Nf5 Kd3 69.
Nd6 Ke3 70. Nxf7 Kf4 71. Nh6 Kf3 72. Ng8 Kxg4 73. Nxf6+ Kf3 74. Nd5 Ke4 75.
Nxb4 a2 76. Kxa2 {Game drawn because neither player has mating material}
1/2-1/2